 Dungeon Crawl Stone Soup version 0.31-a0-210-gccc998df9b (webtiles) character file.

Game seed: 4997399853732886626

115 kiwi3s the Chopper (level 4, -1/41 HPs)
             Began as a Minotaur Berserker on June 29, 2023.
             Was a Believer of Trog.
             Killed from afar by an orc wizard (4 damage)
             ... with a magic dart
             ... on level 3 of the Dungeon.
             The game lasted 00:01:31 (2073 turns).

kiwi3s the Chopper (Minotaur Berserker)             Turns: 2073, Time: 00:01:32

Health: -1/41      AC:  4    Str: 23    XL:     4   Next: 68%
Magic:  3/3        EV: 12    Int:  4    God:    Trog [**....]
Gold:   112        SH:  0    Dex: 10    Spells: 3/3 levels left

rFire   . . .        a - +0 hand axe
rCold   . . .        (no shield)
rNeg    . . .        g - +0 leather armour
rPois   .            (helmet restricted)
rElec   .            o - +0 cloak
rCorr   .            (no gloves)
SInv    .            (no boots)
Will    .....        (no amulet) Stlth
                     (no ring)
HPRegen 0.26/turn    (no ring)
MPRegen 0.08/turn

%: no passive effects
@: confused
A: horns 2, retaliatory headbutt
a: Renounce Religion, Berserk, Trog's Hand


You were on level 3 of the Dungeon.
You worshipped Trog.
Trog was pleased with you.
You visited 1 branch of the dungeon, and saw 3 of its levels.

You collected 112 gold pieces.

Inventory:

Hand Weapons
 a - a +0 hand axe (weapon)
Armour
 b - a +0 animal skin
 g - a +0 leather armour (worn)
 o - a +0 cloak (worn)
Jewellery
 f - an amulet of guardian spirit
 i - a +6 ring of strength
Scrolls
 c - 2 scrolls of teleportation {unknown}
 d - a scroll of vulnerability {unknown}
 h - a scroll of immolation {unknown}
 k - a scroll of identify {unknown}
 m - a scroll of poison {unknown}
Potions
 e - a potion of ambrosia {unknown}
 j - a potion of mutation {unknown}
 l - a potion of haste {unknown}
 n - a potion of heal wounds {unknown}


   Skills:
 + Level 4.5 Fighting
 + Level 4.6 Axes
 + Level 3.6 Armour
 + Level 3.2 Dodging


You had 3 spell levels left.
You didn't know any spells.
Your spell library was empty.

Dungeon Overview and Level Annotations

Branches:
Dungeon (3/15)

Altars:

Shops:
D:1 :

Annotations:
D:3 1 transporter


Innate Abilities, Weirdness & Mutations

You have a pair of horns on your head.
You reflexively headbutt those who attack you in melee.


Message History

Deactivating autopickup; reactivate with Ctrl-A.
You completely miss something. Something hits you but does no damage.
Unknown command.
No target in view!
You hit something. You headbutt something!
Something hits you but does no damage.
No target in view!
Unknown command.
You hit something but do no damage. Your headbutt misses something.
You hear some strange, mumbled words.
A magic dart appears from out of thin air!
The magic dart hits you!
You are too injured to fight recklessly!
Unknown command.
You closely miss something. Something hits you but does no damage.
You miss something.
You hear some strange, mumbled words.
You are confused.
You are too injured to fight recklessly!
Unknown command.
Things that are here:
a +0 club; a +0 dagger; an orc corpse You are too injured to fight recklessly!
Unknown command.
You bump into the rock wall.
You hear some strange, mumbled words.
You are more confused.
You hear some strange, mumbled words.
A puff of flame appears from out of thin air!
The puff of flame hits you!
* * * LOW HITPOINT WARNING * * *
You closely miss something. Your headbutt misses something. Something hits you.
* * * LOW HITPOINT WARNING * * *
You are too injured to fight recklessly!
You are too confused!
You completely miss something.
You hear some strange, mumbled words.
A magic dart appears from out of thin air!
The magic dart hits you.
You die...

#.# ### # #.#
#.. ...# #.#
#.####...# #.#
#.#.......
#.###.#.......
#.#............
##.###)#......#
## #{#......#
#@)......#
##########


There were no monsters in sight!

Vanquished Creatures
  Crazy Yiuf (D:2)
  An orc wizard (D:3)
  Robin (D:2)
  A gnoll (D:1)
  A worm (D:2)
  3 orcs (D:3)
  4 ball pythons (D:2)
  5 endoplasms
  2 giant cockroaches (D:1)
  13 goblins
  5 hobgoblins
  A quokka (D:1)
  A bat (D:2)
  3 frilled lizards
  2 kobolds
  A rat (D:2)
45 creatures vanquished.

Notes
Turn   | Place    | Note
-------+----------+-------------------------------------------
     0 | D:1      | kiwi3s the Minotaur Berserker began the quest for the Orb.
     0 | D:1      | Reached XP level 1. HP: 19/19 MP: 0/0
   266 | D:1      | Reached XP level 2. HP: 19/27 MP: 1/1
   541 | D:1      | Found Jiarghoe's Vocational Training.
   666 | D:1      | Reached XP level 3. HP: 25/33 MP: 2/2
  1247 | D:2      | Reached ** piety under Trog
  1250 | D:2      | Noticed Robin
  1259 | D:2      | Killed Robin
  1929 | D:2      | Found a runed translucent door.
  1930 | D:2      | Noticed Crazy Yiuf
  1935 | D:2      | Killed Crazy Yiuf
  1936 | D:2      | Reached XP level 4. HP: 41/41 MP: 3/3
  2004 | D:3      | Found a transporter.
  2072 | D:3      | HP: 2/41 [something (4)]
  2073 | D:3      | Killed from afar by an orc wizard

Illustrated notes

Levels and vault maps discovered:
D:1:      tarquinn_simple_flora_water_f, layout_basic,
          dreamdust_princess_bridge, nicolae_shop_vocational
D:2:      cheibrodos_helix_gallery, layout_basic, uniq_crazy_yiuf_cottage,
          uniq_robin
D:3:      gammafunk_wand_slinger, layout_loops_corners,
          cheibrodos_sewer_entry_sluice

Skill      XL: |  1  2  3 |
---------------+----------+-----
Fighting       | 4 |  4.5
Axes           | 4 |  4.6
Armour         | 3 |  3.6
Dodging        | 3 |  3.2

Action                     |  1- 3 |  4- 6 || total
---------------------------+-------+-------++-------
  Melee: Hand axe          |    66 |    26 ||    92
         Headbutt          |     8 |     4 ||    12
 Invoke: Berserk           |     1 |       ||     1
 Armour: Leather armour    |     6 |    12 ||    18
         Animal skin       |     1 |       ||     1
  Dodge: Dodged            |    37 |     7 ||    44

Table legend: (Time is in decaauts)
 A = Elapsed time spent in this place.
 B = Non-inter-level travel time spent in this place.
 C = Inter-level travel time spent in this place.
 D = Time resting spent in this place.
 E = Time spent auto-exploring this place.
 F = Levels seen in this place.
 G = Mean time per level.
                   A        B        C        D        E       F      G
               +--------+--------+--------+--------+--------+-----+--------+
         Total |   2093 |   1997 |     96 |     98 |   1655 |   3 |  697.7 |
       Dungeon |   2093 |   1997 |     96 |     98 |   1655 |   3 |  697.7 |
               +--------+--------+--------+--------+--------+-----+--------+

Top non-repeatable levels by time:
     D:2: 1057 daAuts
     D:1: 938 daAuts
     D:3: 97 daAuts
